 Dungeon Crawl Stone Soup version 0.20.1-1-g8b1a95d (webtiles) character file.

552 homeworkjunkie the Chopper (level 7, 0/60 HPs)
             Began as a Hill Orc Fighter on Dec 11, 2017.
             Was an Initiate of Okawaru.
             Succumbed to a killer bee's poison
             ... on level 2 of the Dungeon.
             The game lasted 00:05:21 (2635 turns).

homeworkjunkie the Chopper (Hill Orc Fighter)       Turns: 2635, Time: 00:05:22

Health: 0/60       AC: 13    Str: 20    XL:     7   Next: 29%
Magic:  7/7        EV:  4    Int:  8    God:    Okawaru [......]
Gold:   42         SH: 10    Dex: 15    Spells: 6/6 levels left

rFire    . . .     SeeInvis +   a - +0 war axe
rCold    . . .     Gourm    .   c - +0 shield
rNeg     . . .     Faith    .   e - +0 plate armour
rPois    .         Spirit   .   (no helmet)
rElec    .         Reflect  .   d - +0 cloak
rCorr    .         Harm     .   (no gloves)
MR       .....                  (no boots)
Stlth    ..........             (no amulet)
Regen    0.2/turn               h - ring of see invisible
MPRegen  0.1/turn               m - +4 ring of dexterity

@: lethally poisoned (0 -> -10), very slightly contaminated, invisible
A: no striking features
a: Renounce Religion


You were on level 2 of the Dungeon.
You worshipped Okawaru.
Okawaru was noncommittal.
You were not hungry.

You visited 1 branch of the dungeon, and saw 5 of its levels.

You collected 42 gold pieces.

Inventory:

Hand Weapons
 a - a +0 war axe (weapon)
Armour
 c - a +0 shield (worn)
 d - a +0 cloak (worn)
 e - a +0 plate armour (worn)
Jewellery
 h - a ring of see invisible (left hand)
 l - an uncursed ring of positive energy
 m - a +4 ring of dexterity (right hand)
Wands
 n - a wand of disintegration (15/24)
Scrolls
 b - 3 scrolls of identify
 k - a scroll of magic mapping
Potions
 i - 2 potions of mutation
Comestibles
 f - a bread ration


   Skills:
 * Level 4.9 Fighting
 * Level 6.6 Axes
 * Level 5.1 Armour
 + Level 0.3 Stealth
 * Level 4.9 Shields
 * Level 1.1 Evocations


You had 6 spell levels left.
You didn't know any spells.

Dungeon Overview and Level Annotations

Branches:
Dungeon (5/15)
 Temple: D:4-7

Altars:
Ashenzari
Dithmenos
Gozag
Nemelex Xobeh
Okawaru
Xom
Yredelemnul
Zin

Annotations:
D:2 1 transporter


Message History

You hit the goblin.
You kill the goblin!
Okawaru accepts your kill.
You slash the killer bee!
You kill the killer bee!
Okawaru accepts your kill.
Your Evocations skill increases to level 1!
* * * LOW HITPOINT WARNING * * *
You feel sick.
* * * LOW HITPOINT WARNING * * *
You feel sick.
You see here 6 gold pieces.
* * * LOW HITPOINT WARNING * * *
You feel sick.
Things that are here:
a robe; a killer bee corpse
* * * LOW HITPOINT WARNING * * *
You feel sick.
You see here 4 gold pieces.
You die...

###..###..##.##8.....8##.# #.####
..........##.#.........#.# #.#
###.#.##.....#.##...##.#.# #.#
#.#.####.#.#.##...##.#.# #.#
#>#.####.#.#©......$.#.# #.#
#.#......#.#.##...##.#.# #.#
#..#######.#.##.).##.#.###.# ##.#
#.#..$[$)...#.....# #.#
#.##8@_(_$8##.##### ####.####
#..#########..# #....##_##
##...†.......######### #.####...#
#####...........).....
#.#####'####.......#.############
#.##.#...#.#####...#.#
#....'†8.'._# #......#
####.#...#.## #......# ####'####
#.....##


There were no monsters in sight!

Vanquished Creatures
  The ghost of homeworkjunkie the Skirmisher, an amateur HOFi (D:3)
  2 killer bees (D:2)
  Crazy Yiuf (D:3)
  2 orc priests (D:3)
  An orc wizard (D:3)
  Jessica (D:3)
  Terence (D:2)
  A worker ant (D:2)
  2 hound skeletons (D:4)
  6 adders
  5 worms
  3 leopard geckos
  13 orcs
  2 ball pythons
  11 bats
  4 goblins
  4 hobgoblins (D:2)
  5 jackals (D:2)
  2 quokkas
  9 frilled lizards
  8 kobolds
  4 rats
88 creatures vanquished.

Notes
Turn   | Place    | Note
-------+----------+-------------------------------------------
     0 | D:1      | homeworkjunkie the Hill Orc Fighter began the quest for the Orb.
     0 | D:1      | Reached XP level 1. HP: 19/19 MP: 1/1
   318 | D:2      | Reached XP level 2. HP: 11/27 MP: 2/2
   663 | D:2      | Noticed Terence
   672 | D:2      | Reached skill level 3 in Axes
   672 | D:2      | Reached XP level 3. HP: 13/33 MP: 3/3
   679 | D:2      | Killed Terence
   679 | D:2      | Reached XP level 4. HP: 38/40 MP: 4/4
   809 | D:5      | Entered Level 5 of the Dungeon
   837 | D:3      | Reached skill level 4 in Axes
   898 | D:3      | Noticed Jessica
   902 | D:3      | Killed Jessica
   902 | D:3      | Reached XP level 5. HP: 28/47 MP: 5/5
   914 | D:3      | Reached skill level 5 in Axes
  1079 | D:3      | Noticed homeworkjunkie's ghost (amateur HOFi)
  1422 | D:3      | Killed homeworkjunkie's ghost
  1422 | D:3      | Reached XP level 6. HP: 42/53 MP: 6/6
  1525 | D:3      | Reached skill level 6 in Axes
  1745 | D:3      | Found a runed door.
  1749 | D:3      | Noticed Crazy Yiuf
  1759 | D:3      | Killed Crazy Yiuf
  1759 | D:3      | Reached skill level 5 in Armour
  2053 | D:2      | Found a shattered altar of Ashenzari.
  2102 | D:2      | Found a transporter.
  2105 | D:2      | Found a transporter.
  2184 | D:2      | Found an opulent altar of Gozag.
  2185 | D:2      | Found a glowing silver altar of Zin.
  2316 | D:2      | Found a basalt altar of Yredelemnul.
  2318 | D:2      | Found a shimmering altar of Xom.
  2471 | D:2      | Reached XP level 7. HP: 56/60 MP: 7/7
  2545 | D:2      | Found an iron altar of Okawaru.
  2550 | D:2      | Became a worshipper of Warmaster Okawaru
  2554 | D:2      | Found a shadowy altar of Dithmenos.
  2557 | D:2      | Found a sparkling altar of Nemelex Xobeh.
  2631 | D:2      | Reached skill level 1 in Evocations
  2632 | D:2      | HP: 3/60 [poisoned by a killer bee]
  2634 | D:2      | HP: 1/60 [poisoned by a killer bee]
  2635 | D:2      | Succumbed to a killer bee's poison

Skill      XL: |  1  2  3  4  5  6  7 |
---------------+----------------------+-----
Fighting       | 4 |  4.9
Axes           | 3 4 5 6 |  6.6
Armour         | 4 5 |  5.1
Shields        | 4 |  4.9
Evocations     | 1 |  1.1
Stealth        | |  0.3

Action                   |  1- 3 |  4- 6 |  7- 9 || total
-------------------------+-------+-------+-------++-------
Melee: War axe           |    50 |   245 |    11 ||   306
  Use: Scroll            |     3 |     6 |       ||     9
       Potion            |     2 |     2 |     1 ||     5
 Stab: Invisible         |       |       |     5 ||     5
  Eat: Bread ration      |       |     1 |       ||     1
       Meat ration       |       |     1 |       ||     1
Armor: Scale mail        |    22 |    52 |       ||    74
       Plate armour      |       |    78 |    27 ||   105
Dodge: Dodged            |    24 |    63 |    10 ||    97
Block: Shield            |    32 |   148 |    20 ||   200
